 Seeded DCSS version 0.30-a0-1066-g63dfefce0d (webtiles) character file.

Game seed: 13020561292390072626 (custom seed)

2513 Pimp the Stinger (level 9, 0/66 HPs)
             Began as a Pale Draconian Venom Mage on Apr 12, 2023.
             Slain by a troll (10 damage)
             ... in the Ecumenical Temple.
             The game lasted 00:15:38 (6648 turns).

Pimp the Stinger (Pale Draconian Venom Mage)        Turns: 6648, Time: 00:15:39

Health: 0/66       AC: 14    Str: 13    XL:     9   Next: 29%
Magic:  10/14      EV: 14    Int: 24    God:
Gold:   273        SH:  0    Dex: 15    Spells: 12/17 levels left

rFire   + . .      SeeInvis .    g - +0 hand axe (protect)
rCold   . . .      Faith    .    (no shield)
rNeg    . . .      Spirit   .    (body armour unavailable)
rPois   +          Reflect  .    (helmet restricted)
rElec   .          Rampage  .    (no cloak)
rCorr   .                        (no gloves)
Will    .....                    (no boots)
Stlth   +                        b - amulet "Uhy Lise" {Acrobat rPois rF+ Dex+4}
HPRegen 0.31/turn                p - +6 ring of intelligence
MPRegen 0.14/turn                d - ring of wizardry

@: confused, ambrosia-drunk, under a protective aura
A: breathe steam, AC +7, unfitting armour, cold-blooded, steam resistance,
hooves 1, frail 1, low MP 1, screaming 1
a: Breathe Steam


You were in the Ecumenical Temple.
You visited 2 branches of the dungeon, and saw 8 of its levels.

You collected 273 gold pieces.

Inventory:

Hand Weapons
 g - a +0 hand axe of protection (weapon)
 q - a +1 war axe
Missiles
 r - 2 throwing nets
Jewellery
 b - the amulet "Uhy Lise" (around neck) {Acrobat rPois rF+ Dex+4}
   (You acquired it on level 1 of the Dungeon)

   [amulet of the acrobat]

   It increases your evasion while moving and waiting.
   Dex:       It affects your dexterity (+4).
   rF:        It protects you from fire.
   rPois:     It protects you from poison.
 d - a ring of wizardry (right hand)
 h - a ring of see invisible
 p - a +6 ring of intelligence (left hand)
 w - a +4 ring of protection
Wands
 l - a wand of mindburst (8)
 o - a wand of polymorph (6)
Scrolls
 c - a scroll of blinking
 e - 4 scrolls of teleportation
 m - a scroll of fog
 s - a scroll of silence
Potions
 a - 3 potions of magic
 f - a potion of berserk rage
 i - 2 potions of curing
 j - 2 potions of cancellation
 k - 3 potions of brilliance
 u - a potion of degeneration {unknown}


   Skills:
 + Level 5.0 Fighting
 + Level 4.4 Axes
 + Level 4.7 Dodging
 - Level 2.0 Stealth
 + Level 4.7 Spellcasting
 + Level 4.8 Transmutations
 * Level 7.1 Poison Magic


You had 12 spell levels left.
You knew the following spells:

 Your Spells              Type           Power      Damage    Failure   Level
a - Sting                 Tmut/Pois      100%       1d8       1%          1
b - Olgreb's Toxic Radia  Pois           40%        N/A       1%          4

Your spell library contained the following spells:

 Spells                   Type           Power      Damage    Failure   Level
 Poisonous Vapours        Pois/Air       44%        N/A       1%          2
 Mephitic Cloud           Conj/Pois/Air  17%        N/A       4%          3
 Static Discharge         Conj/Air       10%        2-3/arc   6%          2
 Airstrike                Air            2%         2d(1-17)  32%         4
 Summon Lightning Spire   Summ/Air       5%         N/A       32%         4


Dungeon Overview and Level Annotations

Branches:
Dungeon (7/15)             Temple (1/1) D:7

Altars:
Ashenzari
Cheibriados
Elyvilon
Nemelex Xobeh
Okawaru
Qazlal
Uskayaw
Vehumet
Wu Jian
Xom
Yredelemnul

Shops:
D:6 :

Annotations:
D:3 2 transporters


Innate Abilities, Weirdness & Mutations

You can breathe blasts of scalding, opaque steam.
Your pale cyan-grey scales are hard. (AC +7)
You cannot fit into any form of body armour.
You are cold-blooded and may be slowed by cold attacks.
You are immune to the effects of steam.
You have large cloven feet.
You are frail. (-10% HP)
Your magical capacity is low. (-10% MP)
You occasionally shout uncontrollably at your foes.


Message History

The troll completely misses you. The troll misses you.
You hit the troll. You kick the troll.
Your tail-slap misses the troll.
The troll is heavily wounded.
Your toxic aura wanes.
The troll bites you. The troll claws you but does no damage.
The troll misses you.
You hit the troll. You kick the troll.
Your tail-slap misses the troll.
The troll is severely wounded.
The troll bites you! The troll claws you.
The troll claws you but does no damage.
You closely miss the troll. Your kick misses the troll.
The troll is severely wounded.
The troll bites you but does no damage. The troll claws you.
The troll claws you but does no damage.
You hit the troll. Your kick misses the troll.
The troll is severely wounded.
The troll bites you but does no damage. The troll claws you!
The troll misses you.
You hit the troll but do no damage. Your kick misses the troll.
You tail-slap the troll.
The troll is severely wounded.
The troll bites you. The troll claws you!
* * * LOW HITPOINT WARNING * * *
The troll misses you.
You closely miss the troll.
The troll is severely wounded.
The troll completely misses you. The troll barely misses you. x2
You hit the troll but do no damage.
The troll is almost dead.
The troll bites you.
* * * LOW HITPOINT WARNING * * *
The troll closely misses you. The troll claws you but does no damage.
You are confused.
You feel invigorated. The troll misses you. The troll claws you!
* * * LOW HITPOINT WARNING * * *
The troll claws you but does no damage.
You closely miss the troll.
The troll is severely wounded.
The troll barely misses you. x2; The troll claws you!
You die...

.......
_..._..
.......##
........##
.........#
.._..._..#
.........##
.......@..##
.......T...#
_..._...<..#
...........#
..........##
###########


You could see a troll (poisoned).

Vanquished Creatures
  A hornet (D:7)
  Prince Ribbit (D:5)
  3 water moccasins
  An ogre (D:4)
  A black bear (D:6)
  2 phantoms
  A kobold brigand (D:7)
  A gnoll sergeant (D:6)
  4 scorpions
  3 wights (D:5)
  2 howler monkeys
  4 hounds
  2 jellies (D:6)
  2 orc priests
  2 sleepcaps (D:6)
  Natasha (thrice) (D:2)
  6 iguanas
  2 orc wizards (D:5)
  5 gnolls (D:6)
  8 adders
  2 shadow imps
  A white imp (D:7)
  An ufetubus (D:6)
  A worm (D:2)
  4 dart slugs
  12 orcs
  7 endoplasms
  3 giant cockroaches
  5 goblins
  5 hobgoblins
  3 jackals (D:2)
  10 kobolds
  2 quokkas
  6 ball pythons
  2 bats
  A frilled lizard (D:1)
  3 rats
122 creatures vanquished.

Vanquished Creatures (collateral kills)
  A water moccasin (D:7)
1 creature vanquished.

Grand Total: 123 creatures vanquished

Notes
Turn   | Place    | Note
-------+----------+-------------------------------------------
     0 | D:1      | Pimp the Draconian Venom Mage began the quest for the Orb.
     0 | D:1      | Reached XP level 1. HP: 14/14 MP: 3/3
    43 | D:1      | Identified a scroll of acquirement
    43 | D:1      | Acquired the amulet "Uhy Lise" {Acrobat rPois rF+ Dex+4}
   469 | D:1      | Reached XP level 2. HP: 18/20 MP: 1/5
   898 | D:2      | Noticed Natasha
   904 | D:2      | Killed Natasha
   905 | D:2      | Reached XP level 3. HP: 22/27 MP: 3/6
   953 | D:2      | Gained mutation: You occasionally shout uncontrollably at
                  | your foes. [potion of mutation]
   953 | D:2      | Gained mutation: Your magical capacity is low. (-10% MP)
                  | [potion of mutation]
   953 | D:2      | Gained mutation: You are frail. (-10% HP) [potion of
                  | mutation]
   953 | D:2      | Gained mutation: You have large cloven feet. [potion of
                  | mutation]
  1241 | D:2      | Reached skill level 1 in Fighting
  1300 | D:2      | Noticed Natasha
  1314 | D:2      | Killed Natasha
  1315 | D:2      | Reached XP level 4. HP: 17/31 MP: 6/6
  1431 | D:2      | Reached skill level 1 in Axes
  1732 | D:2      | Noticed Natasha
  1743 | D:2      | Killed Natasha
  1820 | D:3      | Found a shimmering altar of Xom.
  1878 | D:3      | Found a transporter.
  1894 | D:3      | Found a transporter.
  2121 | D:3      | Found a broken altar of Ashenzari.
  2138 | D:3      | Reached XP level 5. HP: 22/36 MP: 8/8
  2194 | D:3      | Learned a level 4 spell: Olgreb's Toxic Radiance
  2433 | D:3      | Found a stormy altar of Qazlal.
  2594 | D:4      | Found an ornate altar of the Wu Jian Council.
  2870 | D:4      | Noticed an ogre
  2927 | D:4      | Killed an ogre
  2928 | D:4      | Reached skill level 4 in Poison Magic
  2928 | D:4      | Reached XP level 6. HP: 25/43 MP: 5/9
  3998 | D:5      | Entered Level 5 of the Dungeon
  4141 | D:5      | Your scales start taking on a pale cyan-grey colour.
  4141 | D:5      | Reached XP level 7. HP: 21/48 MP: 10/10
  4141 | D:5      | Gained mutation: You are immune to the effects of steam.
                  | [Pale Draconian growth]
  4359 | D:5      | Reached skill level 5 in Poison Magic
  4653 | D:5      | Reached XP level 8. HP: 56/56 MP: 12/12
  4833 | D:5      | Noticed Prince Ribbit
  4844 | D:5      | Killed Prince Ribbit
  5229 | D:5      | Reached skill level 6 in Poison Magic
  5308 | D:6      | Found Righy's Book Boutique.
  6047 | D:6      | Found a sparkling altar of Nemelex Xobeh.
  6579 | D:7      | Noticed a hornet
  6579 | D:7      | Found a staircase to the Ecumenical Temple.
  6583 | D:7      | Killed a hornet
  6584 | D:7      | Reached XP level 9. HP: 64/64 MP: 1/14
  6591 | D:7      | Reached skill level 7 in Poison Magic
  6600 | D:7      | Reached skill level 5 in Fighting
  6623 | D:7      | Noticed a troll
  6628 | Temple   | Entered the Ecumenical Temple
  6648 | Temple   | Slain by a troll

Illustrated notes

Levels and vault maps discovered:
D:1:      lightli_arrival_lavapool, layout_basic
D:2:      layout_loops_ring, uniq_natasha
D:3:      gammafunk_steamed_eel, layout_loops_cross,
          ashenzari_conservatory_becter, mainiacjoe_overflow_brackets,
          xom_teletrap_fun, serial_bayou_crossing
D:4:      layout_basic, nicolae_wu_jian_wuxing_cycle
D:5:      layout_basic, uniq_prince_ribbit1
D:6:      layout_basic, marbit_many_paths, serial_shops, nicolae_square_shop
D:7:      hangedman_cross_stitches, layout_basic, kiku_gazebo_pond_becter,
          mainiacjoe_overflow_catwalk_spiral,
          minmay_temple_entry_drinking_statues, grunt_potential
Temple:   nicolae_temple_ecumenical_triangle

Skill      XL: |  1  2  3  4  5  6  7  8  9 |
---------------+----------------------------+-----
Stealth        | 2 |  2.0
Dodging        | 2 3 4 |  4.7
Fighting       | 1 2 3 4 5 |  5.0
Axes           | 1 2 3 4 |  4.4
Transmutations | 2 3 4 |  4.8
Spellcasting   | 3 4 |  4.7
Poison Magic   | 4 5 6 7 |  7.1

Action                     |  1- 3 |  4- 6 |  7- 9 || total
---------------------------+-------+-------+-------++-------
  Melee: Unarmed           |    21 |       |       ||    21
         Tailslap          |     5 |    18 |    35 ||    58
         Hand axe          |    45 |   186 |   199 ||   430
         Punch             |     1 |     2 |     2 ||     5
         Kick              |     8 |    52 |    71 ||   131
   Cast: Sting             |    12 |     6 |       ||    18
         Olgreb's Toxic Ra |       |     8 |    16 ||    24
Ability: Breathe Steam     |       |       |     2 ||     2
    Use: Scroll            |     8 |     3 |     6 ||    17
         Potion            |     4 |     3 |     5 ||    12
   Stab: Sleeping          |     1 |     3 |     2 ||     6
 Armour: Skin              |    32 |    68 |   104 ||   204
  Dodge: Dodged            |    42 |   138 |   179 ||   359

Table legend: (Time is in decaauts)
 A = Elapsed time spent in this place.
 B = Non-inter-level travel time spent in this place.
 C = Inter-level travel time spent in this place.
 D = Time resting spent in this place.
 E = Time spent auto-exploring this place.
 F = Levels seen in this place.
 G = Mean time per level.
                   A        B        C        D        E       F      G
               +--------+--------+--------+--------+--------+-----+--------+
         Total |   6717 |   6550 |    167 |   1102 |   4101 |   8 |  839.6 |
       Dungeon |   6696 |   6529 |    167 |   1102 |   4101 |   7 |  956.6 |
        Temple |     20 |     20 |      0 |      0 |      0 |   1 |   20.0 |
               +--------+--------+--------+--------+--------+-----+--------+

Top non-repeatable levels by time:
     D:4: 1467 daAuts
     D:5: 1312 daAuts
     D:6: 1277 daAuts
     D:2: 939 daAuts
     D:1: 871 daAuts
     D:3: 778 daAuts
     D:7: 50 daAuts
  Temple: 20 daAuts
